 Dungeon Crawl Stone Soup version 0.31-a0-662-g684573625c (webtiles) character file.

Game seed: 4065987641665978317

4199 arthad the Fighter (level 10, -1/91 HPs)
             Began as a Minotaur Fighter on Aug 31, 2023.
             Was an Initiate of Ashenzari.
             Slain by a centaur warrior skeleton (4 damage)
             ... on level 8 of the Dungeon.
             The game lasted 00:12:44 (6142 turns).

arthad the Fighter (Minotaur Fighter)               Turns: 6142, Time: 00:12:44

Health: -1/91      AC: 14    Str: 25    XL:     10   Next: 8%
Magic:  0/9        EV: 10    Int:  5    God:    Ashenzari [......]
Gold:   427        SH:  6    Dex: 10    Spells: 9/9 levels left

rFire   . . .        a - +1 war axe
rCold   . . .        c - +0 buckler
rNeg    . . .        b - +0 scale mail
rPois   .            (helmet restricted)
rElec   .            (no cloak)
rCorr   .            u - +0 pair of gloves
SInv    +            (no boots)
Will    .....        k - amulet of guardian spirit Stlth
                     t - ring of the Eye in the Sky {AC+4, Fort, Bglg} (curse)
HPRegen 0.35/turn    H - ring of see invisible
MPRegen 0.11/turn

%: guardian spirit
@: mighty, studying Stealth
A: horns 2, retaliatory headbutt
a: Renounce Religion, Shatter the Chains


You were on level 8 of the Dungeon.
You worshipped Ashenzari.
Ashenzari was noncommittal.
You visited 2 branches of the dungeon, and saw 9 of its levels.

You collected 557 gold pieces.
You spent 130 gold pieces at shops.

Inventory:

Hand Weapons
 a - a +1 war axe (weapon)
 i - a +1 spear of freezing
 l - a +1 flail of draining
Missiles
 j - 10 boomerangs
 s - 8 poisoned darts (quivered)
 v - 6 javelins
 w - 4 atropa-tipped darts
Armour
 b - a +0 scale mail (worn)
 c - a +0 buckler (worn)
 u - a +0 pair of gloves (worn)
 C - a +2 robe of resistance
Jewellery
 k - an amulet of guardian spirit (around neck)
 m - a ring of fire
 t - the cursed ring of the Eye in the Sky (left hand) {AC+4, Fort, Bglg}
   (You found it on level 3 of the Dungeon)

   [ring of protection]

   AC+4:      It affects your AC (+4).
   It has a curse which improves the following skills: Fortitude: Armour and
   Shields.
   Beguiling: Conjurations, Hexes and Translocations.
 H - a ring of see invisible (right hand)
Wands
 r - a wand of charming (7)
 y - a wand of flame (18)
Scrolls
 e - a scroll of amnesia
 f - 2 scrolls of identify
 n - a scroll of immolation {unknown}
 o - 2 scrolls of teleportation {unknown}
 A - a scroll of revelation {unknown}
 D - a scroll of fear {unknown}
 E - a scroll of blinking
 F - a scroll of vulnerability {unknown}
 G - a scroll of fog {unknown}
Potions
 d - a potion of might
 g - a potion of invisibility {unknown}
 h - a potion of enlightenment {unknown}
 p - a potion of heal wounds {unknown}
 q - 2 potions of haste
 x - a potion of magic {unknown}
 z - a potion of attraction {unknown}
 B - 2 potions of brilliance {unknown}


   Skills:
 * Level 9.5 Fighting
 * Level 9.1 Axes
 * Level 9.4(9.8) Armour
 + Level 2.2 Stealth
 * Level 9.4(9.8) Shields


You had 9 spell levels left.
You didn't know any spells.
Your spell library contained the following spells:

 Spells                   Type           Power      Damage    Failure   Level
 Sandblast                Erth           0%         2d4       77%         1
 Passwall                 Tmut/Erth      0%         N/A       88%         2
 Stone Arrow              Conj/Erth      0%         3d7       98%         3


Dungeon Overview and Level Annotations

Branches:
Dungeon (8/15)             Temple (1/1) D:5
   Lair: D:8-11

Altars:
Ashenzari
Elyvilon
Fedhas
Hepliaklqana
Kikubaaqudgha
Makhleb
Nemelex Xobeh
Ru
Sif Muna
Uskayaw
Vehumet
Wu Jian
Xom
Yredelemnul
Zin
The Shining One

Shops:
D:2 !:[!   D:3 !


Innate Abilities, Weirdness & Mutations

You have a pair of horns on your head.
You reflexively headbutt those who attack you in melee.


Message History

The centaur warrior zombie completely misses you.
The centaur warrior skeleton hits you.
* * * LOW HITPOINT WARNING * * *
The centaur warrior skeleton kicks you but does no damage.
The centaur warrior skeleton hits you but does no damage.
You block the centaur warrior skeleton's attack.
The centaur warrior zombie completely misses you.
The centaur warrior zombie kicks you but does no damage.
The centaur warrior skeleton hits you but does no damage.
The centaur warrior skeleton kicks you but does no damage.
The centaur warrior zombie hits you.
* * * LOW HITPOINT WARNING * * *
The centaur warrior zombie kicks you.
* * * LOW HITPOINT WARNING * * *
The centaur warrior skeleton hits you but does no damage.
The centaur warrior skeleton barely misses you.
Okay, then.
You slash the centaur warrior zombie!
Your headbutt misses the centaur warrior zombie.
The centaur warrior zombie is almost destroyed.
You hit the centaur warrior zombie. You slash the centaur warrior skeleton!
You slice the centaur warrior zombie!! You slash the centaur warrior skeleton!
You block the centaur warrior zombie's attack.
The centaur warrior zombie kicks you but does no damage.
The centaur warrior zombie hits you but does no damage.
The centaur warrior zombie kicks you but does no damage.
The centaur warrior zombie hits you but does no damage.
The centaur warrior zombie kicks you but does no damage.
You block the centaur warrior skeleton's attack.
The centaur warrior skeleton kicks you but does no damage.
The centaur warrior skeleton hits you.
* * * LOW HITPOINT WARNING * * *
The centaur warrior skeleton barely misses you.
You slash the centaur warrior zombie!
You destroy the centaur warrior zombie!
You slash the centaur warrior zombie! You slash the centaur warrior skeleton!
You destroy the centaur warrior skeleton!
You slash the centaur warrior zombie! You slash the centaur warrior skeleton!
The centaur warrior skeleton hits you.
You die...

. #P.(... .#
P8..... ..
....... # #.
..P.... #.#.#
.(...$! [##....
(....$∩
.......#Z..8P..
#...@Z......
......Z........
#.##...........
#......8P...
##.[.##.....
...## #.#..
#### .. # ##


You could see 2 centaur warrior zombies and a centaur warrior skeleton.

Vanquished Creatures
  A centaur zombie (D:8)
  A centaur skeleton (D:8)
  A harpy zombie (D:8)
  2 hellwings (D:7)
  Grinder (D:6)
  A meliai zombie (D:8)
  2 slime creatures (D:5)
  4 yaks
  Eustachio (D:4)
  An orc warrior (D:7)
  2 sky beasts
  An ogre (D:4)
  2 centaurs
  A bullfrog (D:6)
  2 gnoll sergeants
  3 scorpions
  A wight (D:7)
  5 howler monkeys
  4 hounds
  7 jellies
  An orc priest (D:4)
  2 iguanas
  3 orc wizards (D:7)
  Natasha (thrice) (D:2)
  An adder (D:4)
  27 gnolls
  3 shadow imps (D:8)
  A white imp (D:7)
  3 ufetubi
  2 worms (D:2)
  38 orcs
  5 ball pythons
  6 bats
  13 endoplasms
  4 giant cockroaches
  4 goblins
  6 hobgoblins
  18 jackals
  2 quokkas
  3 frilled lizards
  13 kobolds
  7 rats
208 creatures vanquished.

Notes
Turn   | Place    | Note
-------+----------+-------------------------------------------
     0 | D:1      | arthad the Minotaur Fighter began the quest for the Orb.
     0 | D:1      | Reached XP level 1. HP: 19/19 MP: 0/0
   279 | D:1      | Reached XP level 2. HP: 27/27 MP: 1/1
   466 | D:1      | Found a faded altar of an unknown god.
   857 | D:2      | Found Yffetrid's Antique Armour Boutique.
   886 | D:2      | Found Goacue's Book Shoppe.
   892 | D:2      | Found Fukeas's Distillery.
  1008 | D:2      | Found Lamp's Distillery.
  1021 | D:2      | Noticed Natasha
  1027 | D:2      | Killed Natasha
  1028 | D:2      | Reached XP level 3. HP: 33/33 MP: 2/2
  1137 | D:2      | Noticed Natasha
  1147 | D:2      | Killed Natasha
  1148 | D:2      | Reached XP level 4. HP: 41/41 MP: 3/3
  1224 | D:2      | Noticed Natasha
  1230 | D:2      | Killed Natasha
  1540 | D:3      | Found Inim Cexam's Distillery.
  1550 | D:3      | Bought a potion of haste for 100 gold pieces
  1550 | D:3      | Bought a potion of curing for 30 gold pieces
  1887 | D:3      | Reached XP level 5. HP: 47/47 MP: 4/4
  1962 | D:4      | Noticed Eustachio
  1975 | D:4      | Killed Eustachio
  1976 | D:4      | Reached skill level 5 in Fighting
  1976 | D:4      | Reached skill level 5 in Armour
  1976 | D:4      | Reached skill level 5 in Shields
  1976 | D:4      | Reached XP level 6. HP: 47/56 MP: 5/5
  1977 | D:4      | Found a radiant altar of Vehumet.
  2502 | D:4      | Reached skill level 5 in Axes
  2502 | D:4      | Reached XP level 7. HP: 42/62 MP: 3/6
  3299 | D:5      | Entered Level 5 of the Dungeon
  3347 | D:5      | Found a staircase to the Ecumenical Temple.
  3360 | Temple   | Entered the Ecumenical Temple
  3409 | Temple   | Became a worshipper of Ashenzari the Shackled
  3514 | D:5      | Noticed a slime creature
  3514 | D:5      | Noticed a slime creature
  3519 | D:5      | Killed a slime creature
  3520 | D:5      | Reached XP level 8. HP: 55/71 MP: 5/7
  3527 | D:5      | Killed a slime creature
  4022 | D:5      | Found a burning altar of Makhleb.
  4035 | D:5      | Noticed a cacodemon
  4402 | D:5      | Reached XP level 9. HP: 12/81 MP: 3/8
  4737 | D:6      | Noticed Grinder
  4753 | D:6      | Killed Grinder
  5431 | D:7      | Found a blossoming altar of Fedhas.
  6102 | D:8      | Noticed a hellwing
  6103 | D:8      | Noticed a hellwing
  6116 | D:7      | Killed a hellwing
  6117 | D:7      | Reached skill level 1 in Stealth
  6126 | D:7      | Killed a hellwing
  6139 | D:8      | Reached XP level 10. HP: 13/91 MP: 2/9
  6141 | D:8      | HP: 3/91 [centaur warrior skeleton (4)]
  6142 | D:8      | Slain by a centaur warrior skeleton

Illustrated notes

Levels and vault maps discovered:
D:1:      onia_arrival_mini_spirals, layout_basic,
          chequers_ecumenical_altar_simple, kennysheep_boxes
D:2:      minmay_chambers_of_twos, layout_basic, serial_shops, shop, shop, shop,
          nicolae_shop_pleasant_corner_grove, uniq_natasha
D:3:      layout_rooms, serial_shops, shop
D:4:      lemuel_castle_with_subvaults [lemuel_castle_interior_carwin_2],
          layout_cave_pools, nicolae_overflow_hidden_temple, minmay_manual_maat,
          uniq_eustachio
D:5:      cheibrodos_fertilizer, layout_rooms, makhleb_altar_promises_db,
          minmay_temple_entry_stoned_glass
D:6:      layout_loops_ring, uniq_grinder
D:7:      layout_loops_ring, fedhas_ov_isle_minmay, minmay_starry_boxes
D:8:      cheibrodos_grave_circle, layout_loops_cross,
          mainiacjoe_overflow_alcove_2, kennysheep_slug_shrine,
          nicolae_overflow_guarded_unrand_okawaru_victory, dpeg_lair_monsters,
          hangedman_abyss_or_decor_clamps, minmay_misc_feat_tower
Temple:   nicolae_temple_god_jail

Skill      XL: |  1  2  3  4  5  6  7  8  9 |
---------------+----------------------------+-----
Fighting       | 4 5 6 8 9 |  9.5
Armour         | 4 5 6 8 9 |  9.4
Axes           | 3 4 5 6 7 9 |  9.1
Shields        | 4 5 6 8 9 |  9.4
Stealth        | 2 |  2.2

Action                     |  1- 3 |  4- 6 |  7- 9 | 10-12 || total
---------------------------+-------+-------+-------+-------++-------
  Melee: War axe           |    55 |   115 |   297 |     4 ||   471
         Headbutt          |     5 |    12 |    64 |     1 ||    82
  Throw: Dart              |       |    10 |     4 |       ||    14
 Invoke: Curse Item        |       |       |     1 |       ||     1
    Use: Potion            |       |     2 |     3 |       ||     5
         Scroll            |       |     4 |       |       ||     4
 Armour: Scale mail        |    18 |   114 |   322 |    27 ||   481
  Dodge: Dodged            |    22 |    52 |   177 |     9 ||   260
  Block: Buckler           |    15 |    34 |   115 |     5 ||   169

Table legend: (Time is in decaauts)
 A = Elapsed time spent in this place.
 B = Non-inter-level travel time spent in this place.
 C = Inter-level travel time spent in this place.
 D = Time resting spent in this place.
 E = Time spent auto-exploring this place.
 F = Levels seen in this place.
 G = Mean time per level.
                   A        B        C        D        E       F      G
               +--------+--------+--------+--------+--------+-----+--------+
         Total |   6254 |   6015 |    239 |    389 |   4398 |   9 |  694.9 |
       Dungeon |   6195 |   6001 |    194 |    389 |   4398 |   8 |  774.4 |
        Temple |     58 |     13 |     45 |      0 |      0 |   1 |   58.0 |
               +--------+--------+--------+--------+--------+-----+--------+

Top non-repeatable levels by time:
     D:4: 1375 daAuts
     D:5: 1090 daAuts
     D:6: 880 daAuts
     D:1: 853 daAuts
     D:7: 832 daAuts
     D:2: 616 daAuts
     D:3: 531 daAuts
  Temple: 58 daAuts
     D:8: 15 daAuts
